 Dungeon Crawl Stone Soup version 0.14-a0-2443-g5aee772 (webtiles) character file.

317 4tharraofdagon the Skirmisher (level 5, -5/50 HPs)
             Began as a Lava Orc Wanderer on Feb 6, 2014.
             Slain by an ogre
             ... wielding a +0,+0 giant club
              (21 damage)
             ... on Level 6 of the Dungeon.
             The game lasted 00:02:59 (949 turns).

4tharraofdagon the Skirmisher (Lava Orc Wanderer)    Turns: 949, Time: 00:02:59

HP  -5/50        AC  9     Str 15      XL: 5   Next:  0%
MP   5/5         EV  8     Int 13      God:
Gold 180         SH  0     Dex 14      Spells:  0 memorised,  4 levels left

rFire  + + +     SeeInvis .     a - +1,+3 orc mace
rCold  x . .     Clarity  .     h - +0 scale mail
rNeg   . . .     Conserve .     (no shield)
rPois  .         rCorr    .     (no helmet)
rElec  .         rRot     .     l - +2 cloak of Decompression {Dex+2 Int+2}
SustAb . .       Spirit   .     (no gloves)
rMut   .         Warding  .     (no boots)
Saprov + . .     Stasis   .     (no amulet)
MR     .....                    (no ring)
                                (no ring)

@: not resistant to hostile enchantments, extremely unstealthy
A: conserve scrolls, saprovore 1
a: no special abilities


You were on level 6 of the Dungeon.
You were not hungry.

You visited 1 branch of the dungeon, and saw 6 of its levels.

You collected 180 gold pieces.

Inventory:

Hand weapons
 a - a +1,+3 orcish mace (weapon)
Armour
 b - a +0 orcish robe
 h - a +0 scale mail (worn)
 l - the +2 cloak of Decompression (worn) {Dex+2 Int+2}
   (You found it on level 6 of the Dungeon)

   It affects your intelligence (+2).
   It affects your dexterity (+2).
Comestibles
 c - a meat ration
 g - a bread ration
 i - a pear
Scrolls
 d - 3 scrolls of identify {unknown}
 e - a scroll of remove curse {unknown}
 f - a scroll of teleportation
 j - a scroll of enchant weapon I {unknown}
Books
 k - a book of Conjurations

   Spells                             Type                      Level
   Magic Dart                         Conjuration                  1
   Searing Ray                        Conjuration                  2
   Dazzling Spray                     Conjuration/Hexes            3
   Iskenderun's Mystic Blast          Conjuration                  4
   Iskenderun's Battlesphere          Conjuration/Charms           4
   Fulminant Prism                    Conjuration/Hexes            5


   Skills:
 + Level 5.7 Fighting
 * Level 4.4 Maces & Flails
 + Level 3.1 Armour
   Level 1.1 Shields
   Level 1.0 Evocations


You had 4 spell levels left.
You didn't know any spells.

Dungeon Overview and Level Annotations

Branches:
Dungeon (6/16)
 Temple: D:4-7

Altars:
Sif Muna


Innate Abilities, Weirdness & Mutations

You have stony skin.
Your flesh is almost immune to the effects of heat.
Your fire spells are more powerful.
Your flesh is vulnerable to cold.
Your heat harms attackers.
You bathe your surroundings in blazing heat.
You are too hot to use scrolls.
You are very good at protecting items from fire.
You can tolerate rotten meat.


Message History

a chunk of jackal flesh; a jackal corpse Your stony skin melts.
You're cooling off.
You're getting fired up.
You see here an elven cutlass.
You hit the ogre.
The ogre is lightly wounded.
The ogre hits you with a giant club! The ogre is singed by your heat.
The ogre is lightly wounded.
You hit the ogre.
The ogre is moderately wounded.
The ogre is burned by your radiant heat.
The ogre is moderately wounded.
The ogre hits you with a giant club! The ogre is singed by your heat.
The ogre is heavily wounded.
Unknown command.
You sock the ogre!
The ogre is severely wounded.
The ogre hits you with a giant club!
You die...

.........####..#
...........%.....
..........##.....
..........##.....
....#............
########.####.....
#......#.#..#.....
#.####......#.....
######@## #...........
#.....O.# #...........
#.......# #...........
#.......# #............
#.......###............
###.......#............
#..........%...........
#.........#............
#....######............


You could see an ogre.

Vanquished Creatures
  A giant frog skeleton (D:5)
  A centaur skeleton (D:5)
  A scorpion (D:5)
  An adder (D:6)
  An orc skeleton (D:4)
  A giant mite (D:5)
  A giant cockroach (D:6)
  3 hobgoblins
  8 jackals (D:6)
  2 quokkas
  3 bats
  A giant newt (D:5)
  2 goblins
  2 kobolds (D:5)
  A kobold zombie (D:5)
  2 rats
31 creatures vanquished.

Notes
Turn   | Place    | Note
--------------------------------------------------------------
     0 | D:1      | 4tharraofdagon, the Lava Orc Wanderer, began the quest for the Orb.
     0 | D:1      | Reached XP level 1. HP: 22/22 MP: 1/1
    51 | D:2      | Found a deep blue altar of Sif Muna.
   305 | D:4      | Reached XP level 2. HP: 21/28 MP: 2/2
   347 | D:4      | Reached skill level 5 in Fighting
   404 | D:5      | Entered Level 5 of the Dungeon
   433 | D:5      | Reached XP level 3. HP: 18/36 MP: 3/3
   462 | D:5      | Reached XP level 4. HP: 9/42 MP: 4/4
   592 | D:5      | HP: 2/42 [hobgoblin (3)]
   880 | D:6      | Reached XP level 5. HP: 27/50 MP: 5/5
   903 | D:6      | Got a twisted cloak
   906 | D:6      | Identified the +2 cloak of Decompression {Dex+2 Int+2} (You found it on level 6 of the Dungeon)
   929 | D:6      | Noticed an ogre
   949 | D:6      | Slain by an ogre

Action                   |  1- 3 |  4- 6 || total
-------------------------+-------+-------++-------
Melee: Mace              |    35 |    52 ||    87
  Use: Potion            |       |     4 ||     4
